 Dungeon Crawl Stone Soup version 0.30-a0-125-g51eefa89be (webtiles) character file.

Game seed: 7509226731696471427

115 juncz the Magician (level 5, -3/38 HPs)
             Began as a Djinni Conjurer on Sept 18, 2022.
             Slain by a black bear (6 damage)
             ... on level 4 of the Dungeon.
             The game lasted 00:06:44 (3766 turns).

juncz the Magician (Djinni Conjurer)                Turns: 3766, Time: 00:06:45

Health: -3/38      AC:  3    Str: 18    XL:     5   Next: 20%
Gold:   131        EV: 12    Int: 21    God:
                   SH:  4    Dex: 12

rFire   + + .      SeeInvis .    s - +0 hand axe
rCold   x . .      Faith    .    m - +0 buckler
rNeg    . . .      Spirit   .    a - +0 robe
rPois   ∞          Reflect  .    (no helmet)
rElec   .          Harm     .    (no cloak)
rCorr   .          Rampage  .    t - +0 pair of gloves
Will    .....                    (boots unavailable)
Stlth   ++........               o - amulet of the acrobat
HPRegen 0.12/turn                f - +6 ring of strength
MPRegen 0.00/turn                i - +6 ring of strength

@: flying
A: sickness immunity, fire resistance 2, cold vulnerability 1, float, innate
caster, HP casting, extra vitality 1
a: no special abilities


You were on level 4 of the Dungeon.
You visited 1 branch of the dungeon, and saw 4 of its levels.

You collected 131 gold pieces.

Inventory:

Hand Weapons
 e - a +0 dagger
 s - a +0 hand axe (weapon)
Missiles
 c - 31 stones
Armour
 a - a +0 robe (worn)
 m - a +0 buckler (worn)
 t - a +0 pair of gloves (worn)
Jewellery
 f - a +6 ring of strength (left hand)
 i - a +6 ring of strength (right hand)
 o - an amulet of the acrobat (around neck)
Scrolls
 g - a scroll of amnesia {unknown}
 h - 2 scrolls of identify {unknown}
 j - a scroll of enchant weapon {unknown}
 k - a scroll of acquirement {unknown}
 l - 2 scrolls of fear {unknown}
 p - 2 scrolls of brand weapon {unknown}
 r - 2 scrolls of fog {unknown}
 u - 2 scrolls of teleportation {unknown}
 v - a scroll of poison {unknown}
Potions
 b - a potion of curing {unknown}
 d - 2 potions of ambrosia {unknown}
 n - 3 potions of brilliance {unknown}
 q - 3 potions of lignification {unknown}


   Skills:
 + Level 2.2 Fighting
 - Level 2.5 Dodging
 - Level 1.9 Stealth
 + Level 1.5 Shields
 + Level 3.9 Spellcasting


You couldn't memorise any spells.
You knew the following spells:

 Your Spells              Type           Power      Damage    Failure   Level
a - Magic Dart            Conj           80%        1d7       3%          1
b - Searing Ray           Conj           40%        2d5       4%          2
c - Dazzling Flash        Conj/Hex       40%        N/A       10%         3
d - Fulminant Prism       Conj/Hex       10%        3d9       30%         4
e - Iskenderun's Mystic   Conj/Tloc      20%        2d6       30%         4
f - Apportation           Tloc           40%        N/A       3%          1
g - Wereblood             Tmut           20%        N/A       4%          2
Your spell library was empty.

Dungeon Overview and Level Annotations

Branches:
Dungeon (4/15)
 Temple: D:4-7

Altars:


Innate Abilities, Weirdness & Mutations

You are immune to sickness and miasma.
You are immune to poison.
Your flesh is very heat resistant. (rF++)
You are vulnerable to cold. (rC-)
You float through the air rather than walking.
You learn spells naturally, not from books.
Your magical power is your life essence.
You have superior vitality. (+4 MHP)


Message History

The black bear closely misses you. The black bear claws you.
The black bear barely misses you.
You hit the black bear.
The black bear is heavily wounded.
You block the black bear's attack.
The black bear claws you but does no damage.
The black bear closely misses you.
You hit the black bear.
The black bear is severely wounded.
The black bear bites you. The black bear completely misses you.
The black bear barely misses you. The black bear bites you.
The black bear claws you.
The black bear claws you but does no damage.
You hit the black bear.
The black bear is severely wounded.
The black bear goes berserk!
You barely miss the black bear.
The black bear is severely wounded.
The black bear completely misses you. You block the black bear's attack.
The black bear claws you. The black bear bites you. The black bear claws you.
The black bear misses you.
Casting: Magic Dart (safe; 3% risk of failure)
Confirm with . or Enter, or press ? or * to list all spells.
Aiming: Magic Dart (safe; 3% risk of failure)
Press: ? - help, Shift-Dir - straight line, f/p - black bear
Aim: a black bear (severely wounded, berserk, 100% to hit)
The magic dart hits the black bear.
The black bear is severely wounded.
* * * LOW HITPOINT WARNING * * *
The black bear misses you. x2; You block the black bear's attack.
You hit the black bear.
The black bear is almost dead.
The black bear bites you.
* * * LOW HITPOINT WARNING * * *
The black bear claws you but does no damage.
The black bear barely misses you. The black bear bites you!
* * * LOW HITPOINT WARNING * * *
The black bear claws you but does no damage.
The black bear barely misses you. The black bear bites you.
You die...

.+ .# .# .## ### ..#####
.. #####.###... .).....
...#...#.#...######...$#
#.... #.......@h.#
.###...##..#######.#
....###<...........#
........#..#.###.#.#
###.#..##..#.....#.#
........#..#.._..#.#
....#......#.....#.#
#######....#.###.#.#
##...........#


You could see a black bear (berserk).

Vanquished Creatures
  A gnoll (D:3)
  4 adders (D:2)
  A dart slug (D:2)
  5 orcs (D:3)
  3 endoplasms (D:1)
  8 goblins
  7 hobgoblins
  6 jackals
  6 kobolds
  4 ball pythons
  5 bats
  5 frilled lizards
  6 rats
61 creatures vanquished.

Notes
Turn   | Place    | Note
-------+----------+-------------------------------------------
     0 | D:1      | juncz the Djinni Conjurer began the quest for the Orb.
     0 | D:1      | juncz set off with the following spells memorised: Magic
                  | Dart, Searing Ray, Dazzling Flash, Fulminant Prism,
                  | Iskenderun's Mystic Blast.
     0 | D:1      | Reached XP level 1. HP: 15/15 MP: 0/0
    49 | D:1      | Reached XP level 2. HP: 10/21 MP: 0/0
   375 | D:1      | Found a faded altar of an unknown god.
   706 | D:1      | Reached XP level 3. HP: 22/26 MP: 0/0
   706 | D:1      | Learned a level 1 spell: Apportation
   761 | D:1      | Reached skill level 1 in Fighting
  1505 | D:2      | Reached XP level 4. HP: 28/32 MP: 0/0
  1686 | D:2      | Reached skill level 1 in Shields
  2454 | D:3      | Reached XP level 5. HP: 26/38 MP: 0/0
  2454 | D:3      | Learned a level 2 spell: Wereblood
  2462 | D:3      | HP: 1/38 [something/magic dart (5)]
  3027 | D:3      | HP: 1/38 [gnoll/+0 spear (5)]
  3753 | D:4      | Noticed a black bear
  3766 | D:4      | Slain by a black bear

Illustrated notes

Levels and vault maps discovered:
D:1:      minmay_arrival_three_doors, layout_rooms,
          chequers_ecumenical_altar_simple_redux
D:2:      layout_rooms, st_stairs_14
D:3:      layout_basic, mainiacjoe_overflow_alcove_4, grunt_decor_fettered,
          due_unseen_surprise
D:4:      nicolae_cairo_tiling, layout_basic, slow_altar_2,
          lemuel_mausoleum_altar_kikubaaqudgha,
          mainiacjoe_overflow_cross_hatched, overflow_temple_1_default,
          serial_shops, kennysheep_mini, st_stairs_12, dk_noncrumbling_4,
          minmay_hollow_rounded_squares

Skill      XL: |  1  2  3  4 |
---------------+-------------+-----
Fighting       | 1 2 |  2.2
Shields        | 1 |  1.5
Dodging        | |  2.5
Stealth        | |  1.9
Spellcasting   | |  3.9

Action                   |  1- 3 |  4- 6 || total
-------------------------+-------+-------++-------
Melee: Dagger            |    15 |       ||    15
       Hand axe          |       |     9 ||     9
 Cast: Magic Dart        |    68 |    80 ||   148
Armor: Robe              |       |    12 ||    12
Dodge: Dodged            |    12 |    30 ||    42
Block: Buckler           |     1 |     9 ||    10

Table legend: (Time is in decaauts)
 A = Elapsed time spent in this place.
 B = Non-inter-level travel time spent in this place.
 C = Inter-level travel time spent in this place.
 D = Time resting spent in this place.
 E = Time spent auto-exploring this place.
 F = Levels seen in this place.
 G = Mean time per level.
                   A        B        C        D        E       F      G
               +--------+--------+--------+--------+--------+-----+--------+
         Total |   3767 |   3704 |     63 |   1398 |   1945 |   4 |  941.8 |
       Dungeon |   3767 |   3704 |     63 |   1398 |   1945 |   4 |  941.8 |
               +--------+--------+--------+--------+--------+-----+--------+

Top non-repeatable levels by time:
     D:2: 1309 daAuts
     D:1: 1002 daAuts
     D:4: 740 daAuts
     D:3: 714 daAuts
